 Dungeon Crawl Stone Soup version 0.28.0 (webtiles) character file.

Game seed: 9850576781748045687

112579 Minsecho the Warrior (level 16, 0/274 HPs)
             Began as an Ogre Berserker on Feb 16, 2022.
             Was a High Priest of Trog.
             Slain by an orc warrior (20 damage)
             ... on level 2 of the Orcish Mines.
             The game lasted 01:00:31 (30219 turns).

Minsecho the Warrior (Ogre Berserker)              Turns: 30219, Time: 01:00:33

Health: 0/274      AC: 14    Str: 25    XL:     16   Next: 60%
Magic:  16/16      EV: 11    Int:  8    God:    Trog [*****.]
Gold:   2116       SH: 23    Dex: 14    Spells: 15/15 levels left

rFire   . . .      SeeInvis +   Y - +10 morningstar (venom)
rCold   + + .      Faith    .   l - +1 tower shield {rF+}
rNeg    + + +      Spirit   .   W - +0 ice dragon scales
rPois   +          Reflect  +   U - +0 hat of Ovvucsi {rN+++ rCorr Slay+3 SInv}
rElec   .          Harm     .   J - +0 cloak
rCorr   +          Rampage  .   (gloves unavailable)
Will    +....                   (boots unavailable)
Stlth   ..........              a - amulet of reflection
HPRegen 1.35/turn               z - +4 ring of protection
MPRegen 0.15/turn               M - ring of poison resistance

@: berserking, spiked, corroded, very quick
A: large, unfitting armour, tough skin 1, regeneration 1
a: Renounce Religion, Berserk, Trog's Hand, Brothers in Arms


You were on level 2 of the Orcish Mines.
You worshipped Trog.
Trog was extremely pleased with you.
You visited 3 branches of the dungeon, and saw 23 of its levels.
You also visited: Sewer, Ossuary and Gauntlet.

You collected 2512 gold pieces.
You spent 396 gold pieces at shops.

Inventory:

Hand Weapons
 y - a +0 whip of electrocution
 Y - a +10 morningstar of venom (weapon)
Missiles
 n - 2 throwing nets (quivered)
Armour
 l - a +1 tower shield of fire resistance (worn)
 J - a +0 cloak (worn)
 U - the +0 hat of Ovvucsi (worn) {rN+++ rCorr Slay+3 SInv}
   (You found it in a Gauntlet)

   Slay:      It affects your accuracy & damage with ranged weapons and melee
   (+3).
   rN:        It renders you almost immune to negative energy.
   SInv:      It lets you see invisible.
   rCorr:     It protects you from acid and corrosion.
 W - +0 ice dragon scales (worn)
Jewellery
 a - an amulet of reflection (around neck)
 b - a ring of protection from cold
 j - the ring "Anacapn" {rC+ Int+7}
   (You found it in a Gauntlet)

   [ring of protection from cold]

   Int:       It affects your intelligence (+7).
   rC:        It protects you from cold.
 z - a +4 ring of protection (left hand)
 C - a ring of positive energy
 M - a ring of poison resistance (right hand)
 V - a ring of willpower
 Z - the ring of Gyampig {rF+ rCorr}
   (You found it on level 7 of the Dungeon)

   [ring of resist corrosion]

   rF:        It protects you from fire.
   rCorr:     It protects you from acid and corrosion.
Wands
 h - a wand of charming (13)
 k - a wand of flame (23)
 E - a wand of iceblast (23)
 G - a wand of paralysis (15)
 K - a wand of polymorph (4)
 N - a wand of digging (7)
 R - a wand of mindburst (15)
Scrolls
 c - 9 scrolls of teleportation
 d - 3 scrolls of fear
 e - 4 scrolls of vulnerability
 f - 4 scrolls of enchant armour
 m - 3 scrolls of enchant weapon
 s - 2 scrolls of blinking
 x - 2 scrolls of summoning
 B - 2 scrolls of fog
 F - a scroll of magic mapping {unknown}
 H - a scroll of torment {unknown}
 L - 4 scrolls of brand weapon
 O - 2 scrolls of immolation {unknown}
 Q - a scroll of holy word {unknown}
 X - 3 scrolls of silence
Potions
 g - 5 potions of might
 i - 3 potions of resistance
 o - 4 potions of mutation
 p - 3 potions of flight {unknown}
 q - 5 potions of cancellation
 r - 4 potions of invisibility
 t - 3 potions of magic
 u - 6 potions of heal wounds
 v - 2 potions of lignification
 A - 5 potions of attraction
 I - 7 potions of ambrosia
 P - 5 potions of curing
 S - 4 potions of haste
Miscellaneous
 w - a lightning rod (4/4)
 D - a tin of tremorstones (2/2)
 T - a piece from Xom's chessboard (15/15)


   Skills:
 + Level 17.5 Fighting
 + Level 13.8 Maces & Flails
 + Level 2.3 Throwing
 + Level 7.9 Armour
 + Level 13.5 Dodging
 + Level 12.7 Shields
 + Level 1.4 Evocations


You had 15 spell levels left.
You didn't know any spells.
Your spell library contained the following spells:

 Spells                   Type           Power      Damage    Failure   Level
 Sandblast                Erth           0%         2d4       98%         1
 Summon Small Mammal      Summ           0%         N/A       98%         1
 Ensorcelled Hibernation  Hex/Ice        0%         N/A       99%         2
 Passwall                 Tmut/Erth      0%         N/A       99%         2
 Scorch                   Fire           0%         2d5       99%         2
 Call Canine Familiar     Summ           0%         N/A       100%        3
 Confusing Touch          Hex            0%         N/A       100%        3
 Portal Projectile        Hex/Tloc       0%         N/A       100%        3
 Stone Arrow              Conj/Erth      0%         3d7       100%        3
 Summon Guardian Golem    Hex/Summ       0%         N/A       100%        3
 Swiftness                Air            0%         N/A       100%        3
 Animate Dead             Necr           0%         N/A       100%        4
 Flame Wave               Conj/Fire      0%         2d4       100%        4
 Fulminant Prism          Conj/Hex       0%         3d6       100%        4
 Leda's Liquefaction      Hex/Erth       0%         N/A       100%        4
 Borgnjor's Vile Clutch   Necr/Erth      0%         N/A       100%        5
 Yara's Violent Unravell  Hex/Tmut       0%         3d3       100%        5
 Death Channel            Necr           0%         N/A       100%        6
 Summon Cactus Giant      Summ           0%         N/A       100%        6
 Enfeeble                 Hex            0%         N/A       100%        7


Dungeon Overview and Level Annotations

Branches:
Dungeon (15/15)            Temple (0/1) D:5            Lair (6/6) D:11
 Shoals (0/4) Lair:3       Spider (0/4) Lair:3        Slime (0/5) Lair:5
    Orc (2/2) D:9             Elf (0/3) Orc:2        Vaults (0/5) D:14
 Depths (0/4) D:15          Sewer (visited)         Ossuary (visited)
Gauntlet (visited)

Altars:
Ashenzari
Fedhas
Nemelex Xobeh
Qazlal
Ru
Yredelemnul
The Shining One
Jiyva

Shops:
D:12 *


Innate Abilities, Weirdness & Mutations

You are too large for most types of armour.
You have tough skin. (AC +1)
Your natural rate of healing is unusually fast.


Message History

You kill the orc warrior!
Trog accepts your kill. You block the rust devil's attack.
The orc warrior hits you with a +0 mace!
* * * LOW HITPOINT WARNING * * *
The orc closely misses you. You block the orc's attack.
The orc warrior hits you but does no damage.
You impale the orc warrior!!
You feel the power of Trog in you as your rage grows.
You kill the orc warrior!
Trog accepts your kill.
The orc warrior hits you from afar with a +0 trident.
* * * LOW HITPOINT WARNING * * *
The orc high priest prays to Beogh.
You block the red devil's attack.
An orc warrior comes into view. It is wielding a +0 halberd.
You block the rust devil's attack. The orc warrior closely misses you.
The barbs in your skin will harm you if you move.
Continue?
Okay, then.
Unknown command.
The barbs in your skin will harm you if you move.
Continue?
The barbed spikes dig painfully into your body as you move.
* * * LOW HITPOINT WARNING * * *
You block the orc's attack. You block the orc high priest's attack.
Things that are here:
a +0 dire flail; a +0 plate armour You completely miss the orc high priest.
The orc high priest is lightly wounded.
You block the rust devil's attack. You block the chaos spawn's attack.
You block the orc's attack.
You puncture the orc high priest!
The orc high priest is moderately wounded.
The orc warrior barely misses you.
The orc high priest hits you but does no damage.
You block the rust devil's attack.
You bludgeon the orc high priest!!
The orc high priest is severely wounded.
You block the chaos spawn's attack. You block the orc's attack.
The orc warrior hits you from afar with a +0 trident!!
You die...

##..........#....o)).......
##..........#######o..#####
....#.......# ##.......##
##.##.....### #..#...#..#
######.#### ##.........##
.# ## #...#...#...# ...
##...........## ....
#...o#...#....# ....
#.4@4o4.......# ...
#..oo#...#....# #.
#.)o.o........#
#....#...#....#
##...........##
#...#...#...# ##.........##
#..#)).#..# ##.))))..##


You could see an orc high priest (strong), a rust devil (summoned), a chaos
spawn (summoned), a red devil (summoned), 3 orc warriors and 2 orcs.

Vanquished Creatures
  Nessos (Orc:2)
  A minotaur (Gauntlet)
  An ice dragon (Lair:6)
  6 boulder beetles
  9 hydras
  5 centaur warriors
  2 catoblepae (Lair:6)
  6 two-headed ogres
  A tengu warrior (D:14)
  14 death yaks
  3 orc high priests (Orc:2)
  Sonja (D:10)
  An iron troll (shapeshifter) (D:15)
  A glowing orange brain (D:15)
  A wizard (Gauntlet)
  4 lindwurms (Lair:6)
  4 orc knights
  An oklob plant (Lair:4)
  4 manticores
  2 cyclopes
  An orc sorcerer (D:14)
  A cyclops (shapeshifter) (D:15)
  A moth of wrath (D:7)
  17 ugly things
  Maurice (D:11)
  16 elephants
  11 black mambas
  2 merfolk sirens (Lair:3)
  An apocalypse crab (Gauntlet)
  A gargoyle (D:8)
  7 torpor snails
  10 cane toads
  2 orange demons (D:15)
  Maggie (D:6)
  2 unseen horrors
  A yaktaur (D:15)
  3 rime drakes
  2 kobold demonologists
  5 komodo dragons
  2 red devils (D:15)
  4 tyrant leeches (Lair:6)
  5 trolls
  A troll (shapeshifter) (D:13)
  2 merfolk (Lair:3)
  5 polar bears
  11 hornets
  A queen bee (Lair:2)
  21 blink frogs
  4 dream sheep (Lair:6)
  8 slime creatures
  A centaur simulacrum (D:14)
  2 vampires
  2 wraiths (D:10)
  A shadow (D:11)
  10 wyverns
  Eustachio (D:5)
  6 basilisks
  71 yaks
  A steam dragon (D:8)
  12 vampire mosquitoes
  Menkaure (D:6)
  21 water moccasins
  An acid dragon (D:13)
  18 orc warriors
  3 sky beasts
  3 ice beasts
  5 black bears
  A necrophage (D:7)
  14 wolves
  3 ogres
  2 phantoms
  7 centaurs
  5 kobold brigands
  14 bullfrogs
  Blork the orc (D:6)
  2 scorpions (Lair:3)
  A gnoll sergeant (D:5)
  2 water moccasin skeletons (D:5)
  15 wights
  32 killer bees
  2 howler monkeys
  4 centaur zombies
  A bullfrog zombie (D:6)
  2 human zombies (Ossuary)
  A gnoll shaman (D:8)
  6 jellies
  2 centaur skeletons
  16 orc priests
  3 iguanas
  A scorpion zombie (D:5)
  Natasha (thrice) (D:2)
  5 hell rats (Lair:2)
  12 orc wizards
  A killer bee zombie (D:8)
  2 mummies (Ossuary)
  9 gnolls
  8 adders
  3 river rats
  2 shadow imps
  An adder skeleton (D:4)
  3 worms
  The ghost of psuckher the Sneak, a weakling DsDe of Trog (D:7)
  11 dart slugs
  30 orcs
  8 ball pythons
  5 bats
  11 endoplasms
  13 giant cockroaches
  3 gnoll zombies (Ossuary)
  10 goblins
  9 hobgoblins
  5 jackals
  14 kobolds
  2 quokkas
  6 frilled lizards
  2 goblin zombies (Ossuary)
  3 hobgoblin zombies (Ossuary)
  4 orc zombies (Ossuary)
  5 rats
704 creatures vanquished.

Vanquished Creatures (collateral kills)
  An ironbound preserver (D:14)
  A death yak (Lair:6)
  An orc high priest (Orc:2)
  A deep elf pyromancer (D:14)
  2 orc knights (Orc:2)
  A manticore (Lair:6)
  Joseph (D:10)
  A torpor snail (Lair:6)
  A rime drake (Lair:6)
  2 tengu conjurers (D:14)
  5 dream sheep (Lair:6)
  3 yaks (Lair:6)
  5 orc warriors (Orc:2)
  4 killer bees (D:10)
  12 orc priests (Orc:2)
  7 orcs
48 creatures vanquished.

Vanquished Creatures (others)
  A gnoll sergeant (D:8)
  23 fungi
  46 plants
70 creatures vanquished.

Grand Total: 822 creatures vanquished

Notes
Turn   | Place    | Note
-------+----------+-------------------------------------------
     0 | D:1      | Minsecho the Ogre Berserker began the quest for the Orb.
     0 | D:1      | Reached XP level 1. HP: 24/24 MP: 1/1
   124 | D:1      | Reached XP level 2. HP: 32/32 MP: 2/2
   497 | D:1      | Reached XP level 3. HP: 40/40 MP: 3/3
   577 | D:1      | Reached ** piety under Trog
   917 | D:1      | You fall into a shaft and drop 1 floor!
   989 | D:2      | Found a glowing golden altar of the Shining One.
  1561 | D:2      | Noticed Natasha
  1569 | D:2      | Killed Natasha
  1570 | D:2      | Reached XP level 4. HP: 49/49 MP: 4/4
  1905 | D:2      | Noticed Natasha
  1911 | D:2      | Killed Natasha
  2270 | D:2      | Found a faded altar of an unknown god.
  2320 | D:2      | Noticed Natasha
  2330 | D:2      | Killed Natasha
  2331 | D:2      | Reached skill level 5 in Fighting
  2331 | D:2      | Reached skill level 1 in Throwing
  2331 | D:2      | Reached XP level 5. HP: 22/57 MP: 5/5
  2965 | D:3      | Found a glowing drain.
  2969 | Sewer    | Entered a sewer
  3252 | Sewer    | Reached *** piety under Trog
  3286 | Sewer    | HP: 3/85 [river rat (6)]
  3287 | Sewer    | HP: 1/85 [river rat (3)]
  3714 | Sewer    | Reached XP level 6. HP: 66/66 MP: 6/6
  3837 | Sewer    | Found a viscous altar of Jiyva.
  5285 | D:4      | Noticed a black bear
  5292 | D:4      | Killed a black bear
  5293 | D:4      | Reached skill level 5 in Maces & Flails
  5293 | D:4      | Reached XP level 7. HP: 74/74 MP: 7/7
  5376 | D:4      | Reached skill level 6 in Fighting
  6154 | D:5      | Entered Level 5 of the Dungeon
  6543 | D:5      | Reached XP level 8. HP: 70/84 MP: 6/8
  6596 | D:5      | Found a sand-covered staircase.
  6601 | Ossuary  | Entered an ossuary
  7152 | D:5      | Reached skill level 7 in Fighting
  7152 | D:5      | Reached skill level 5 in Dodging
  7273 | D:5      | Noticed a rust devil
  7361 | D:5      | Gained mutation: Your natural rate of healing is unusually
                  | fast. [potion of mutation]
  7489 | D:5      | Found a staircase to the Ecumenical Temple.
  7508 | D:5      | Noticed Eustachio
  7524 | D:5      | Killed Eustachio
  7539 | D:5      | Noticed an angel
  8043 | D:6      | Noticed Maggie
  8054 | D:6      | Killed Maggie
  8055 | D:6      | Reached skill level 8 in Fighting
  8055 | D:6      | Reached XP level 9. HP: 96/96 MP: 9/9
  8183 | D:6      | Noticed Menkaure
  8194 | D:6      | Killed Menkaure
  8196 | D:6      | Reached **** piety under Trog
  8237 | D:6      | Found a sparkling altar of Nemelex Xobeh.
  8413 | D:6      | Noticed Blork the orc
  8422 | D:6      | Killed Blork the orc
  8794 | D:7      | Reached skill level 9 in Fighting
  9204 | D:7      | Noticed a moth of wrath
  9207 | D:7      | Noticed psuckher's ghost (weakling DsDe)
  9215 | D:7      | Found a transporter.
  9255 | D:7      | Found a transporter.
  9381 | D:7      | Killed an unseen horror
  9384 | D:7      | Noticed a kobold demonologist
  9417 | D:7      | Reached XP level 10. HP: 20/107 MP: 1/10
  9523 | D:7      | Killed a kobold demonologist
 10015 | D:8      | Noticed a two-headed ogre
 10034 | D:8      | HP: 2/110 [two-headed ogre (9)]
 10042 | D:8      | Killed a two-headed ogre
 10043 | D:8      | Reached skill level 10 in Fighting
 10558 | D:8      | Noticed a two-headed ogre
 10583 | D:8      | Killed a two-headed ogre
 10584 | D:8      | Reached skill level 11 in Fighting
 10584 | D:8      | Reached skill level 10 in Maces & Flails
 10749 | D:8      | Noticed a centaur warrior
 10766 | D:8      | Noticed a gargoyle
 10994 | D:8      | Killed a centaur warrior
 10995 | D:8      | Reached XP level 11. HP: 120/120 MP: 11/11
 11764 | D:9      | Noticed a sun demon
 12056 | D:10     | Entered Level 10 of the Dungeon
 12091 | D:9      | Paralysed by a hornet for 3 turns
 12328 | D:9      | Found a staircase to the Orcish Mines.
 12447 | D:10     | Noticed a two-headed ogre
 12455 | D:10     | Killed a two-headed ogre
 12456 | D:10     | Reached skill level 12 in Fighting
 12510 | D:10     | Reached ***** piety under Trog
 12574 | D:10     | Noticed Joseph
 12587 | D:10     | Noticed Sonja
 12597 | D:10     | Killed Joseph
 12599 | D:10     | Killed Sonja
 12600 | D:10     | Reached skill level 10 in Dodging
 12867 | D:10     | Found a blossoming altar of Fedhas.
 12867 | D:10     | Found a broken altar of Ashenzari.
 12880 | D:10     | Found a basalt altar of Yredelemnul.
 13142 | D:10     | Identified the +0 robe "Yngigam" {rPois rF+ MP+9 Int+3}
 13666 | D:11     | Found a staircase to the Lair.
 13701 | D:11     | Found a sacrificial altar of Ru.
 13738 | D:11     | Reached XP level 12. HP: 115/133 MP: 12/12
 13773 | D:11     | Noticed a boulder beetle
 13788 | D:11     | Reached skill level 13 in Fighting
 13876 | D:11     | Killed a boulder beetle
 13877 | D:11     | Reached skill level 1 in Evocations
 14153 | D:11     | Noticed a two-headed ogre
 14167 | D:11     | Killed a two-headed ogre
 14176 | D:11     | Noticed a two-headed ogre
 14189 | D:11     | Killed a two-headed ogre
 14266 | D:11     | Identified the +6 quarterstaff "Pendulum" {protect, Will+
                  | Stlth+}
 14273 | D:11     | Noticed Maurice
 14274 | D:11     | Noticed a two-headed ogre
 14284 | D:11     | Killed a two-headed ogre
 14307 | D:11     | Killed Maurice
 15449 | D:12     | Noticed a boulder beetle
 15473 | D:12     | Killed a boulder beetle
 15888 | D:12     | Found Guz Mav's General Store.
 15903 | D:12     | Bought a +1 kite shield of fire resistance for 214 gold
                  | pieces
 15928 | D:12     | Bought a potion of heal wounds for 65 gold pieces
 15928 | D:12     | Bought a wand of paralysis (7) for 117 gold pieces
 16010 | D:12     | Found the +8 autumn katana {vorpal, manifold assault}
 16614 | D:7      | Reached skill level 14 in Fighting
 16617 | D:7      | Killed psuckher's ghost
 16652 | D:7      | Identified the ring of Gyampig {rF+ rCorr}
 16848 | D:13     | Noticed a seven-headed hydra
 16859 | D:13     | Killed a seven-headed hydra
 16860 | D:13     | Reached skill level 1 in Armour
 16949 | D:13     | Reached skill level 1 in Shields
 17218 | D:13     | Reached XP level 13. HP: 72/148 MP: 13/13
 18022 | Lair:1   | Entered Level 1 of the Lair of Beasts
 18022 | Lair:1   | Found a gate leading to a gauntlet.
 18047 | Gauntlet | Entered a Gauntlet
 18047 | Gauntlet | Found a transporter.
 18047 | Gauntlet | Found a transporter.
 18053 | Gauntlet | Found a transporter.
 18066 | Gauntlet | Found a transporter.
 18080 | Gauntlet | Found a transporter.
 18083 | Gauntlet | Found a transporter.
 18083 | Gauntlet | Found a transporter.
 18085 | Gauntlet | Found a transporter.
 18085 | Gauntlet | Found a transporter.
 18097 | Gauntlet | Found a transporter.
 18113 | Gauntlet | Found a transporter.
 18123 | Gauntlet | Found a transporter.
 18133 | Gauntlet | Noticed an entropy weaver
 18137 | Gauntlet | Found a transporter.
 18157 | Gauntlet | Found a transporter.
 18399 | Gauntlet | Reached skill level 15 in Fighting
 18458 | Gauntlet | Identified the ring "Anacapn" {rC+ Int+7}
 18515 | Gauntlet | Noticed a minotaur
 18538 | Gauntlet | Killed a minotaur
 18584 | Gauntlet | Got the Volume of Hexes
 18594 | Gauntlet | Identified the +0 hat of Ovvucsi {rN+++ rCorr Slay+3 SInv}
 19003 | Lair:1   | Identified the +2 robe of Slovenliness {rElec rPois}
 19028 | Lair:1   | Received a gift from Trog
 20464 | Lair:2   | Reached skill level 5 in Shields
 21031 | Lair:3   | Received a gift from Trog
 21163 | Lair:3   | Reached XP level 14. HP: 142/159 MP: 14/14
 21300 | Lair:3   | Found a hole to the Spider Nest.
 21538 | Lair:3   | Found a staircase to the Shoals.
 22118 | Lair:4   | Reached skill level 5 in Armour
 23326 | Lair:4   | Reached skill level 16 in Fighting
 23652 | Lair:5   | Found a staircase to the Slime Pits.
 23652 | Lair:5   | Found a viscous altar of Jiyva.
 24056 | Lair:4   | Received a gift from Trog
 24971 | Lair:6   | Entered Level 6 of the Lair of Beasts
 24987 | Lair:5   | Reached XP level 15. HP: 125/170 MP: 15/15
 25401 | Lair:6   | Reached skill level 10 in Shields
 26650 | Lair:6   | Found a runed translucent door.
 26753 | Lair:6   | Paralysed by a hornet for 2 turns
 27045 | Lair:6   | Identified the +10 demon blade of World's End {vorpal,
                  | Dex+6}
 27409 | Lair:6   | Received a gift from Trog
 28072 | D:14     | Reached skill level 17 in Fighting
 28101 | D:14     | Identified the +5 ring mail "Guaqiyne" {rPois rC+ Will+
                  | Str+3 Int-4}
 28203 | D:14     | Found a gate to the Vaults.
 28219 | D:14     | Reached XP level 16. HP: 147/183 MP: 16/16
 28816 | D:15     | Entered Level 15 of the Dungeon
 28919 | D:15     | Found a stormy altar of Qazlal.
 29454 | D:15     | Noticed a storm dragon
 29454 | D:15     | a bunyip changed into a storm dragon
 29455 | D:15     | a storm dragon changed into an alligator
 29462 | D:15     | Noticed a storm dragon
 29462 | D:15     | a seven-headed hydra changed into a storm dragon
 29464 | D:15     | a storm dragon changed into a minotaur
 29469 | D:15     | Noticed an azure jelly
 29469 | D:15     | a death yak changed into an azure jelly
 29474 | D:15     | an azure jelly changed into a stone giant
 29479 | D:15     | Noticed a quicksilver dragon
 29479 | D:15     | a stone giant changed into a quicksilver dragon
 29481 | D:15     | Noticed an azure jelly
 29481 | D:15     | a quicksilver dragon changed into an azure jelly
 29483 | D:15     | an azure jelly changed into a death yak
 29490 | D:15     | Found a staircase to the Depths.
 29715 | Orc:1    | Entered Level 1 of the Orcish Mines
 29853 | Orc:2    | Entered Level 2 of the Orcish Mines
 29965 | Orc:2    | Found a staircase to the Elven Halls.
 29986 | Orc:2    | Noticed Nessos
 29992 | Orc:2    | Killed Nessos
 30082 | Orc:2    | Received a gift from Trog
 30219 | Orc:2    | Slain by an orc warrior

Illustrated notes

Levels and vault maps discovered:
D:1:      lightli_arrival_chessboard, layout_loops_cross
D:2:      kennysheep_six_static_rooms, layout_basic,
          ebering_ecumenical_altar_hall, basic_altar, uniq_natasha
D:3:      kennysheep_slugbush, layout_loops_cross, gup_sewer_entry_bowl
D:4:      layout_cave_pools
D:5:      layout_cave_pods, temple_garden, lightli_ossuary_entry_decrepit_ruins,
          minmay_stone_trees_small, uniq_eustachio
D:6:      layout_basic, amcnicky_altar_gilded, uniq_blork_the_orc, uniq_maggie,
          uniq_menkaure
D:7:      layout_loops_ring, gammafunk_ghost_berserking_beasts,
          supply_closet_lemuel, kb_rosetta
D:8:      wad_statue_garden, layout_cave_pools
D:9:      layout_basic, orc_0_dummy
D:10:     layout_irregular_city, grunt_temple_overflow_open, uniq_sonja,
          uniq_joseph
D:11:     layout_long_grid, minmay_lair_entry_grove,
          nicolae_ru_great_annihilating_truth, uniq_maurice
D:12:     layout_layer_cave, serial_shops, shop_coins, due_unseen_surprise
D:13:     layout_basic
D:14:     layout_loops_corners, skrybe_vaults_entry_preservation,
          minmay_misc_feat_alley
D:15:     gammafunk_enter_depths_forms, layout_rooms, grunt_qazlal_clouds,
          minmay_beelzebubs_servants
Lair:1:   layout_cave_pods, gauntlet_entry_generic, beast_lair_carwin_4
Lair:2:   layout_cave_pods, special_room [special_room_bee], lemuel_old_faithful
Lair:3:   layout_cave_shapes, elwin_shoals_entry_stream,
          nicolae_spider_entry_non_spiders
Lair:4:   layout_loops_ring
Lair:5:   layout_regular_city, slime_altar_1, grunt_megastairs_1,
          lemuel_fruit_tree
Lair:6:   wormcave, layout_layer_cave, hangedman_lair_in_review,
          grunt_megastairs_4
Orc:1:    layout_diamond_mine
Orc:2:    st_orc_pillars, layout_caves, uniq_nessos

Skill      XL: |  1  2  3  4  5  6  7  8  9 10 11 12 13 14 15 16 |
---------------+-------------------------------------------------+-----
Dodging        | 3 4 5 7 9 10 11 12 13 | 13.5
Maces & Flails | 3 4 5 6 7 9 10 11 12 13 | 13.8
Fighting       | 5 6 8 9 11 12 14 15 16 17 | 17.5
Throwing       | 1 2 |  2.3
Evocations     | 1 |  1.4
Armour         | 1 4 6 7 |  7.9
Shields        | 1 6 9 11 12 | 12.7

Action                   |  1- 3 |  4- 6 |  7- 9 | 10-12 | 13-15 | 16-18 || total
-------------------------+-------+-------+-------+-------+-------+-------++-------
Melee: Mace              |   109 |   165 |       |       |       |       ||   274
       Punch             |     1 |     3 |    13 |    13 |       |       ||    30
       Morningstar       |       |    24 |       |       |    43 |   307 ||   374
       Whip              |       |     4 |   506 |  1021 |  2163 |       ||  3694
Throw: Boomerang         |    10 |    20 |       |       |       |       ||    30
       Stone             |       |    23 |       |     5 |       |       ||    28
       Throwing net      |       |     3 |       |       |       |       ||     3
Invok: Berserk           |     1 |     3 |     3 |     8 |     3 |     1 ||    19
       Trog's Hand       |       |       |       |     1 |     3 |     2 ||     6
       Brothers in Arms  |       |       |       |     1 |     3 |     4 ||     8
Evoke: Wand              |       |       |       |    11 |     2 |     2 ||    15
       Lightning rod     |       |       |       |       |     1 |       ||     1
  Use: Scroll            |       |     6 |     5 |     8 |    10 |     1 ||    30
       Potion            |       |       |     3 |     4 |     6 |     2 ||    15
 Stab: Sleeping          |     1 |     1 |     1 |     1 |       |       ||     4
       Paralysed         |       |       |       |     1 |       |       ||     1
       Petrifying        |       |       |       |       |     1 |       ||     1
Armor: Animal skin       |    33 |    59 |    93 |       |       |       ||   185
       Steam dragon scal |       |       |    91 |   154 |       |       ||   245
       Robe              |       |       |       |   108 |       |       ||   108
       Ice dragon scales |       |       |       |    84 |   856 |   113 ||  1053
Dodge: Dodged            |    55 |   122 |   209 |   547 |   638 |   102 ||  1673
Block: Kite shield       |       |       |       |    61 |    42 |       ||   103
       Tower shield      |       |       |       |       |  2279 |   441 ||  2720
       Reflection        |       |       |       |       |    11 |    13 ||    24
